 Dungeon Crawl Stone Soup version 0.19.5 (webtiles) character file.

24427 galech the Cleaver (level 12, -20/114 HPs)
             Began as a Deep Dwarf Fighter on Mar 15, 2017.
             Was the Champion of Makhleb.
             Demolished by Rupert
             ... wielding a +3 great mace of draining
              (30 damage)
             ... while paralysed by Rupert
             ... on level 2 of the Orcish Mines.
             The game lasted 00:34:44 (11201 turns).

galech the Cleaver (Deep Dwarf Fighter)            Turns: 11201, Time: 00:34:45

Health: -20/114    AC: 12    Str: 28    XL:     12   Next: 80%
Magic:  2/2        EV:  2    Int:  9    God:    Makhleb [******]
Gold:   565        SH:  0    Dex: 19    Spells: 0 memorised, 11 levels left

rFire  . . .     SeeInvis .     q - +0 broad axe
rCold  . . .     Gourm    .     u - +1 plate armour
rNeg   . . .     Faith    +     c - +0 shield
rPois  +         Spirit   .     (no helmet)
rElec  .         Reflect  .     H - +0 cloak
rCorr  .         Harm     .     (no gloves)
MR     +....                    W - +0 pair of boots
Stlth  ..........               Z - amulet of faith
                                J - +4 ring of dexterity
                                j - +3 ring of strength

@: paralysed, agile, non-regenerating, heavily drained
A: damage resistance, recharge devices, clumsy 1, deformed body, sense
surroundings 2, poison resistance, screaming 1, slow regeneration 3
a: Device Recharging, Minor Destruction, Lesser Servant of Makhleb, Major
Destruction, Greater Servant of Makhleb, Renounce Religion


You were on level 2 of the Orcish Mines.
You worshipped Makhleb.
Makhleb was exalted by your worship.
You were not hungry.

You visited 4 branches of the dungeon, and saw 18 of its levels.
You also visited: Sewer.

You collected 1153 gold pieces.
You spent 588 gold pieces at shops.

Inventory:

Hand Weapons
 a - a +3 war axe
 q - a +0 broad axe (weapon)
 v - the +7 spear "Reefur" {freeze, rElec Str+3}
   (You found it in a sewer)

   It has been specially enchanted to freeze those struck by it, causing extra
   injury to most foes and up to half again as much damage against particularly
   susceptible opponents.
   It can also slow down cold-blooded creatures.
   It affects your strength (+3).
   It insulates you from electricity.
Armour
 c - a +0 shield (worn)
 u - a +1 plate armour (worn)
 H - a +0 cloak (worn)
 U - +0 steam dragon scales
 W - a +0 pair of boots (worn)
Jewellery
 d - an uncursed ring of ice
 j - a +3 ring of strength (left hand)
 l - an uncursed ring of resist corrosion
 r - an uncursed amulet of magic regeneration
 G - an uncursed amulet of guardian spirit
 J - a +4 ring of dexterity (right hand)
 Z - an amulet of faith (around neck)
Wands
 e - a wand of heal wounds (6/9)
 x - a wand of lightning (6/15)
 y - a wand of lightning (0/15)
Scrolls
 g - 2 scrolls of fear
 n - a scroll of fog
 p - 4 scrolls of remove curse
 w - 4 scrolls of enchant armour
 C - 3 scrolls of magic mapping
 L - 2 scrolls of blinking
 O - a scroll of teleportation
 R - a scroll of recharging
 T - 2 scrolls of amnesia
 X - 2 scrolls of holy word
Potions
 b - 3 potions of resistance {unknown}
 h - a potion of ambrosia
 k - 2 potions of degeneration {unknown}
 m - a potion of magic
 o - a potion of brilliance
 s - 9 potions of curing {unknown}
 t - 4 potions of agility
 A - 3 potions of heal wounds {unknown}
 I - 3 potions of lignification {unknown}
 M - 3 potions of invisibility {unknown}
 N - 2 potions of flight {unknown}
 P - 3 potions of mutation {unknown}
 Q - 2 potions of cancellation {unknown}
Miscellaneous
 Y - a crystal ball of energy
Comestibles
 f - 10 bread rations
 i - a chunk of flesh
 z - 7 meat rations
 B - 10 slices of pizza
 K - 4 beef jerkies
 S - 2 royal jellies


   Skills:
 + Level 9.0(6.8) Fighting
 + Level 14.6(12.1) Axes
 + Level 10.5(8.2) Armour
 + Level 3.2(1.3) Dodging
 + Level 2.1(0.3) Stealth
 + Level 11.0(8.7) Shields
 + Level 0.1(0.0) Unarmed Combat
 + Level 4.4(2.4) Evocations


You had 11 spell levels left.
You didn't know any spells.

Dungeon Overview and Level Annotations

Branches:
Dungeon (12/15)            Temple (1/1) D:4            Lair (3/6) D:8
    Orc (2/2) D:11
  Swamp: Lair:2-4    Shoals: Lair:2-4     Snake: Lair:2-4    Spider: Lair:2-4
    Elf: Orc:2

Altars:
Elyvilon
Fedhas
Makhleb
Ru
Trog
Vehumet
Beogh

Shops:
D:8 *   Orc:2 %

Annotations:
Orc:2 Nessos, Rupert


Innate Abilities, Weirdness & Mutations

You are resistant to damage.
You can recharge devices by infusing magical energy.
You passively map the area around you.
You do not regenerate.
You are clumsy. (Dex -2)
Armour fits poorly on your strangely shaped body.
Your system is resistant to poisons. (rPois)
You occasionally shout uncontrollably at your foes.


Message History

Rupert is moderately wounded.
Rupert hits you with a great mace of draining!
You feel drained.
You hit Rupert.
Rupert is moderately wounded.
Rupert roars wildly at you.
You suddenly lose the ability to move!
Rupert hits you with a great mace of draining.
You feel drained.
Rupert roars madly and goes into a rage!
Rupert goes berserk!
Rupert completely misses you.
Rupert hits you with a great mace of draining!!
You feel drained.
Rupert hits you with a great mace of draining!!
* * * LOW HITPOINT WARNING * * *
You feel drained.
* * * LOW HITPOINT WARNING * * *
Rupert hits you with a great mace of draining!!
You die...

#. ............ , * *
, ,##.##.....#......,
,
,..............#.....
, ,
...#................
,*
,....#............. ,
* * ,
..............., , ,
, * ..........#.# , ,
, , #.......@..# ,, ,
, *###.....#@..# ,, *
* ##.##....##.## , *
,* #####.........###
*, *
##.##....#.##.##* ,
#.......##.#### , * ,
##<##.###...* ,, *
*#.##### ##.## , ** ,
... * ###**, , ,
##.,** *, ,,, *


You could see Rupert (berserk).

Vanquished Creatures
  Harold (D:11)
  Fannar (D:10)
  Erica (D:11)
  5 death yaks (Lair:2)
  Urug (D:11)
  Nergalle (Lair:1)
  Pikel (D:4)
  An ugly thing (D:10)
  A centaur zombie (D:11)
  A black mamba (Lair:3)
  The ghost of juanjsm the Covert, a novice SpEn (D:6)
  The ghost of Lizzreth the Slasher, a novice DsFi (D:3)
  3 spiny frogs
  A rime drake (Lair:1)
  3 komodo dragons
  A polar bear (Lair:3)
  2 trolls (D:11)
  A two-headed ogre (D:8)
  4 hippogriffs
  4 hogs (D:9)
  22 yaks
  A basilisk (D:8)
  A human (D:9)
  Menkaure (D:6)
  2 steam dragons
  2 hungry ghosts
  A warg (D:11)
  4 water moccasins
  2 slaves (D:4)
  8 porcupines
  An ice beast (D:8)
  13 orc warriors
  2 sky beasts
  6 ogres
  2 black bears (D:10)
  A centaur (D:11)
  2 wolves (Lair:3)
  3 crocodiles
  A big kobold (D:9)
  2 elf zombies (D:6)
  9 bullfrogs
  A wyvern zombie (D:7)
  An elf skeleton (D:6)
  A water moccasin skeleton (D:7)
  2 scorpions
  23 killer bees
  2 howler monkeys
  4 crimson imps
  6 orc priests
  7 hounds
  2 bullfrog skeletons
  2 bullfrog zombies (D:8)
  3 human skeletons (D:6)
  A jelly (D:5)
  Crazy Yiuf (D:4)
  3 centaur skeletons
  3 iguanas
  5 worker ants
  12 orc wizards
  A hound zombie (D:5)
  2 howler monkey zombies
  7 gnolls
  16 adders
  8 river rats
  3 shadow imps
  An adder skeleton (D:8)
  3 worms
  6 leopard geckos
  52 orcs
  4 bats
  6 giant cockroaches
  9 goblins
  9 hobgoblins
  17 jackals
  5 quokkas
  2 ball pythons
  19 frilled lizards
  A jackal zombie (D:5)
  9 kobolds
  A leopard gecko skeleton (D:8)
  4 orc skeletons (D:6)
  An orc zombie (D:6)
  2 quokka skeletons (D:6)
  A quokka zombie (D:6)
  9 rats
  4 fungi
402 creatures vanquished.

Vanquished Creatures (others)
  A troll (D:9)
  A fungus (D:4)
2 creatures vanquished.

Grand Total: 404 creatures vanquished

Notes
Turn   | Place    | Note
-------+----------+-------------------------------------------
     0 | D:1      | galech the Deep Dwarf Fighter began the quest for the Orb.
     0 | D:1      | Reached XP level 1. HP: 20/20 MP: 1/1
   132 | D:1      | Reached XP level 2. HP: 27/27 MP: 2/2
   458 | D:1      | Reached XP level 3. HP: 30/34 MP: 3/3
   773 | D:2      | Reached skill level 3 in Axes
   787 | D:2      | Reached XP level 4. HP: 22/42 MP: 4/4
  1124 | D:3      | Noticed Lizzreth's ghost (novice DsFi)
  1137 | D:3      | Killed Lizzreth's ghost
  1137 | D:3      | Reached skill level 5 in Axes
  1137 | D:3      | Reached skill level 1 in Stealth
  1137 | D:3      | Reached XP level 5. HP: 17/50 MP: 5/5
  1137 | D:3      | Reached XP level 6. HP: 19/57 MP: 6/6
  1184 | D:3      | Found a glowing drain.
  1198 | Sewer    | Entered a sewer
  1331 | Sewer    | Reached skill level 1 in Dodging
  1441 | Sewer    | Reached XP level 7. HP: 25/64 MP: 7/7
  1480 | Sewer    | Got a bloodstained spear
  1485 | Sewer    | Identified the +7 spear "Reefur" {freeze, rElec Str+3} (You found it in a sewer)
  1970 | D:4      | Reached skill level 6 in Axes
  2008 | D:4      | Found a staircase to the Ecumenical Temple.
  2018 | Temple   | Entered the Ecumenical Temple
  2024 | Temple   | Became a worshipper of Makhleb the Destroyer
  2099 | D:4      | Found a blossoming altar of Fedhas.
  2222 | D:4      | Noticed Pikel
  2305 | D:4      | Killed Pikel
  2305 | D:4      | Reached skill level 7 in Axes
  2305 | D:4      | Reached skill level 5 in Armour
  2305 | D:4      | Reached skill level 5 in Shields
  2305 | D:4      | Reached XP level 8. HP: 32/73 MP: 6/6
  2834 | D:4      | Found a runed door.
  2838 | D:4      | Noticed Crazy Yiuf
  2844 | D:4      | Killed Crazy Yiuf
  2844 | D:4      | Reached skill level 5 in Fighting
  2909 | D:5      | Entered Level 5 of the Dungeon
  3024 | D:5      | Reached skill level 1 in Evocations
  3033 | D:5      | Reached * piety under Makhleb
  3208 | D:5      | You fall through a shaft for 2 floors!
  3364 | D:6      | Gained mutation: You passively map the area around you. [Deep Dwarf growth]
  3364 | D:6      | Reached XP level 9. HP: 46/81 MP: 6/6
  3438 | D:6      | Reached skill level 8 in Axes
  3609 | D:6      | Noticed juanjsm's ghost (novice SpEn)
  3628 | D:6      | Killed juanjsm's ghost
  3752 | D:6      | Noticed Menkaure
  3769 | D:6      | Killed Menkaure
  3769 | D:6      | Reached ** piety under Makhleb
  3904 | D:6      | Found a sand-covered staircase.
  4031 | D:6      | Reached skill level 9 in Axes
  4712 | D:7      | You fall through a shaft!
  4844 | D:7      | Reached skill level 10 in Axes
  4929 | D:8      | Reached *** piety under Makhleb
  4951 | D:8      | Reached XP level 10. HP: 72/91 MP: 8/8
  5048 | D:8      | Found a staircase to the Lair.
  5088 | D:8      | Reached skill level 11 in Axes
  5153 | D:8      | Found Usapul's Assorted Antiques.
  5398 | D:8      | Reached **** piety under Makhleb
  5953 | D:9      | You fall through a shaft for 3 floors!
  5956 | D:12     | Noticed a red ugly thing
  6084 | D:11     | Noticed Urug
  6109 | D:11     | Killed Urug
  6122 | D:10     | Entered Level 10 of the Dungeon
  6250 | D:10     | Noticed Fannar
  6265 | D:10     | Killed Fannar
  6265 | D:10     | Reached XP level 11. HP: 81/100 MP: 7/7
  6311 | D:10     | Reached skill level 12 in Axes
  6326 | D:10     | Gained mutation: Armour fits poorly on your strangely shaped body. [mutagenic meat]
  6327 | D:10     | Gained mutation: You are clumsy. (Dex -2) [mutagenic meat]
  6328 | D:10     | Gained mutation: Your system is resistant to poisons. (rPois) [mutagenic meat]
  6329 | D:10     | Gained mutation: You occasionally shout uncontrollably at your foes. [mutagenic meat]
  6822 | D:9      | Reached ***** piety under Makhleb
  7125 | D:10     | Found a blossoming altar of Fedhas.
  7417 | D:10     | Noticed a white ugly thing
  7429 | D:10     | HP: 2/100 [white ugly thing (26)]
  7447 | D:10     | Killed a white ugly thing
  7677 | Lair:1   | Entered Level 1 of the Lair of Beasts
  7700 | D:8      | Bought 3 scrolls of identify for 168 gold pieces
  7700 | D:8      | Bought a scroll of enchant weapon for 210 gold pieces
  7921 | Lair:1   | Noticed Nergalle
  7946 | Lair:1   | Killed Nergalle
  7946 | Lair:1   | Reached skill level 13 in Axes
  8002 | Lair:1   | You fall through a shaft!
  8358 | Lair:2   | Noticed a death yak
  8366 | Lair:2   | Noticed a death yak
  8368 | Lair:2   | Noticed a death yak
  8369 | Lair:2   | Noticed a death yak
  8370 | Lair:2   | Noticed a death yak
  8379 | Lair:2   | Killed a death yak
  8379 | Lair:2   | Reached skill level 10 in Shields
  8414 | Lair:2   | Killed a death yak
  8439 | Lair:2   | Killed a death yak
  8440 | Lair:2   | Reached XP level 12. HP: 52/111 MP: 8/8
  8462 | Lair:2   | Killed a death yak
  8486 | Lair:2   | Killed a death yak
  8972 | D:8      | Bought a scroll of enchant weapon for 210 gold pieces
  9246 | Lair:3   | Reached skill level 10 in Armour
  9655 | Lair:3   | Noticed a six-headed hydra
  9811 | D:11     | Reached skill level 14 in Axes
 10133 | D:11     | Noticed Harold
 10154 | D:11     | Killed Harold
 10188 | D:11     | Found a staircase to the Orcish Mines.
 10262 | D:11     | Noticed Erica
 10267 | D:11     | Reached ****** piety under Makhleb
 10277 | D:11     | Killed Erica
 10493 | Orc:1    | Entered Level 1 of the Orcish Mines
 10677 | Orc:1    | Found a roughly hewn altar of Beogh.
 11069 | Orc:2    | Entered Level 2 of the Orcish Mines
 11069 | Orc:2    | Found Xeadd's Food Shop.
 11074 | Orc:2    | Noticed Nessos
 11180 | Orc:2    | Noticed Rupert
 11184 | Orc:2    | Paralysed by Rupert for 7 turns
 11195 | Orc:2    | Paralysed by Rupert for 6 turns
 11201 | Orc:2    | Demolished by Rupert

Skill      XL: |  1  2  3  4  5  6  7  8  9 10 11 12 |
---------------+-------------------------------------+-----
Fighting       | 3 4 5 6 7 8 9 |  9.0
Axes           | 3 5 7 10 11 13 14 | 14.6
Armour         | 4 5 6 7 8 9 10 | 10.5
Stealth        | 1 2 |  2.1
Shields        | 4 5 6 7 8 10 11 | 11.0
Dodging        | 1 2 3 |  3.2
Evocations     | 1 2 3 4 |  4.4
Unarmed Combat | |  0.1

Action                   |  1- 3 |  4- 6 |  7- 9 | 10-12 || total
-------------------------+-------+-------+-------+-------++-------
Melee: War axe           |   108 |   122 |   482 |   846 ||  1558
       Unarmed           |       |       |    69 |       ||    69
       Spear             |       |       |     6 |       ||     6
       Broad axe         |       |       |       |   238 ||   238
 Abil: Device Recharging |       |       |     3 |    10 ||    13
Evoke: Wand              |       |     2 |    10 |    39 ||    51
  Use: Potion            |       |     1 |     1 |     2 ||     4
       Scroll            |       |       |       |    23 ||    23
  Eat: Chunk             |       |     2 |    19 |    23 ||    44
       Bread ration      |       |       |       |     1 ||     1
Armor: Scale mail        |    52 |    52 |     6 |       ||   110
       Plate armour      |       |       |   194 |   384 ||   578
Dodge: Dodged            |    45 |    47 |   141 |   241 ||   474
Block: Shield            |    75 |    75 |   257 |   628 ||  1035
